 Dungeon Crawl Stone Soup version 0.15.2 (webtiles) character file.

484 striepan the Slasher (level 6, 0/57 HPs)
             Began as a Minotaur Fighter on Dec 20, 2014.
             Was an Initiate of Okawaru.
             Slain by a giant gecko (2 damage)
             ... on Level 4 of the Dungeon.
             The game lasted 00:14:13 (2913 turns).

striepan the Slasher (Minotaur Fighter)             Turns: 2913, Time: 00:14:13

HP   0/57        AC  6     Str 21      XL: 6   Next: 88%
MP   3/3         EV  6     Int  5      God: Okawaru [......]
Gold 139         SH  9     Dex 11      Spells:  0 memorised,  5 levels left

rFire  . . .     SeeInvis +     a - +0 long sword
rCold  . . .     Clarity  .     b - +0 scale mail
rNeg   . . .     rCorr    .     c - +0 shield
rPois  .         rRot     .     (helmet restricted)
rElec  .         Spirit   .     (no cloak)
SustAb .         Warding  .     (no gloves)
rMut   .         Stasis   .     (no boots)
Gourm  .                        (no amulet)
MR     .....                    (no ring)
                                s - ring of see invisible

@: flying, slowed, very slow, not resistant to hostile enchantments, extremely
unstealthy
A: retaliatory headbutt, horns 2
a: Renounce Religion


You were on level 4 of the Dungeon.
You worshipped Okawaru.
Okawaru was noncommittal.
You were not hungry.

You visited 2 branches of the dungeon, and saw 5 of its levels.

You collected 139 gold pieces.

Inventory:

Hand weapons
 a - a +0 long sword (weapon)
 x - a cursed -1 flail
Armour
 b - a +0 scale mail (worn)
 c - a +0 shield (worn)
Magical devices
 w - a wand of cold (7) {unknown}
Comestibles
 d - 5 bread rations
 z - a meat ration
 B - a rotting chunk of orc flesh
Scrolls
 f - a scroll of teleportation {unknown}
 g - 3 scrolls of fear {unknown}
 h - 2 scrolls of fog {unknown}
 i - 6 scrolls of identify {unknown}
 k - 4 scrolls of enchant armour {unknown}
 m - a scroll of blinking {unknown}
 n - 2 scrolls of immolation {unknown}
 o - 2 scrolls of remove curse {unknown}
 u - a scroll of amnesia {unknown}
Jewellery
 s - a ring of see invisible (left hand)
Potions
 e - a potion of might
 q - a potion of resistance {unknown}
 r - a potion of magic {unknown}
 t - a potion of berserk rage {unknown}
 v - a potion of lignification {unknown}


   Skills:
 + Level 5.7 Fighting
 + Level 7.8 Long Blades
 - Level 3.6 Armour
 - Level 3.6 Shields


You had 5 spell levels left.
You didn't know any spells.

Dungeon Overview and Level Annotations

Branches:
Dungeon (4/15)             Temple (1/1) D:4

Altars:
Ashenzari
Dithmenos
Okawaru
Sif Muna
Xom
Yredelemnul
The Shining One


Innate Abilities, Weirdness & Mutations

You reflexively headbutt those who attack you in melee.
You have a pair of horns on your head.


Message History

You feel stupid.
Your thoughts seem clearer.
You feel a strange attunement to the structure of the dungeons.
It was a potion of mutation.
You block the giant gecko's attack.
The iguana bites you but does no damage.
The giant gecko bites you but does no damage.
Drink which item? (? for menu, Esc to quit)
It has a very clean taste.
Your thinking seems confused.
You feel clever.
You feel slightly disoriented.
It was a potion of cure mutation.
The giant gecko barely misses you.
The iguana hisses menacingly.
The iguana bites you.
* * * LOW HITPOINT WARNING * * *
The giant gecko barely misses you. You furiously retaliate!
You headbutt the giant gecko. You block the iguana's attack.
Drink which item? (? for menu, Esc to quit)
You feel very buoyant.
You fly up into the air.
It was a potion of flight.
You block the giant gecko's attack. The iguana barely misses you.
The giant gecko bites you.
You die...

......(.##....)....# ..
.....#####....#......# #
.....#.....#..........
#.........(....#......#
#.#.#.###..............##
#.#.#.##................
##.#.#.##..........#.##.
** #...........l).....#.#
#...(.......@).#..##
##.#.....###..l...##
#.###....# ##.##.##
#.#.....# .......
#.....$.# ####..#..
#.......# . , ###
##.####.# #.. #.# #.# *
#.. #.# #.# , #..


You could see an iguana and a giant gecko.

Vanquished Creatures
  A centaur (D:4)
  Sigmund (D:2)
  A crimson imp (D:4)
  5 orc wizards
  Ijyb (D:2)
  4 adders
  3 orc skeletons (D:4)
  A giant mite (D:4)
  3 worms
  2 giant geckos
  An ooze (D:3)
  6 orcs (D:4)
  7 bats
  4 giant cockroaches
  8 goblins
  10 hobgoblins
  2 jackals (D:2)
  2 quokkas
  2 ball pythons (D:3)
  4 giant newts
  A goblin skeleton (D:4)
  A goblin zombie (D:4)
  2 hobgoblin zombies (D:4)
  8 kobolds
  3 kobold skeletons (D:4)
  A kobold zombie (D:4)
  2 orc zombies (D:4)
  4 rats
90 creatures vanquished.

Notes
Turn   | Place    | Note
--------------------------------------------------------------
     0 | D:1      | striepan, the Minotaur Fighter, began the quest for the Orb.
     0 | D:1      | Reached XP level 1. HP: 19/19 MP: 1/1
   204 | D:1      | Reached XP level 2. HP: 20/26 MP: 1/1
   459 | D:2      | Reached skill level 4 in Long Blades
   459 | D:2      | Reached XP level 3. HP: 23/31 MP: 2/2
   553 | D:2      | Noticed Ijyb
   573 | D:2      | Killed Ijyb
   601 | D:2      | Reached skill level 5 in Long Blades
   820 | D:2      | Noticed Sigmund
   874 | D:2      | Killed Sigmund
   874 | D:2      | Reached XP level 4. HP: 2/40 MP: 2/2
  1143 | D:2      | Reached XP level 5. HP: 42/46 MP: 2/2
  1410 | D:3      | Reached skill level 6 in Long Blades
  1917 | D:3      | Found a deep blue altar of Sif Muna.
  1917 | D:3      | Found a shadowy altar of Dithmenos.
  2208 | D:4      | Found a glowing golden altar of the Shining One.
  2278 | D:4      | Reached skill level 7 in Long Blades
  2278 | D:4      | Reached XP level 6. HP: 43/53 MP: 3/3
  2291 | D:4      | Reached skill level 5 in Fighting
  2329 | D:4      | Noticed a centaur
  2334 | D:4      | Killed a centaur
  2416 | D:4      | Found a staircase to the Ecumenical Temple.
  2789 | Temple   | Entered the Ecumenical Temple
  2795 | Temple   | Became a worshipper of Warmaster Okawaru
  2910 | D:4      | HP: 2/57 [iguana (12)]
  2911 | D:4      | Gained mutation: You are dopey. (Int -2) [potion of mutation]
  2911 | D:4      | Gained mutation: You possess an exceptional clarity of mind. [potion of mutation]
  2911 | D:4      | Gained mutation: You passively map a small area around you. [potion of mutation]
  2912 | D:4      | Lost mutation: You possess an exceptional clarity of mind. [potion of cure mutation]
  2912 | D:4      | Lost mutation: You are dopey. (Int -2) [potion of cure mutation]
  2912 | D:4      | Lost mutation: You passively map a small area around you. [potion of cure mutation]
  2913 | D:4      | Slain by a giant gecko

Action                   |  1- 3 |  4- 6 || total
-------------------------+-------+-------++-------
Melee: Long sword        |    90 |   166 ||   256
  Use: Potion            |       |     3 ||     3
  Eat: Chunk             |       |     7 ||     7
